 Dungeon Crawl Stone Soup version 0.26-a0-639-g72c4674329 (webtiles) character file.

Game seed: 12898517329266390860

524374 PirateVox the Warrior (level 26, -4/189 HPs)
             Began as a Gnoll Venom Mage on Sept 17, 2020.
             Was the Champion of Qazlal.
             Splashed by an acid blob's acid (5 damage)
             ... created by the Royal Jelly
             ... on level 4 of the Pits of Slime on Sept 20, 2020.
             The game lasted 06:52:41 (96098 turns).

PirateVox the Warrior (Gnoll Venom Mage)           Turns: 96098, Time: 06:52:42

Health: -4/189     AC: 15    Str: 11    XL:     26   Next: 0%
Magic:  26/44      EV: 22    Int: 28    God:    Qazlal [******]
Gold:   5058       SH: 26    Dex: 17    Spells: 11/59 levels left

rFire    + + .     SeeInvis .   G - +9 hand axe (venom)
rCold    + + +     Faith    .   x - +4 kite shield "Xaly" {rF+ rN+ MR+}
rNeg     + + +     Spirit   .   r - +7 ring mail "Umext" {rC+}
rPois    +         Reflect  .   a - +2 helmet
rElec    .         Harm     .   I - +0 cloak of Demons {rC+ rN++ Int+2}
rCorr    +         Rampage  .   g - +2 pair of gloves
MR       +++++     Clarity  +   W - +1 pair of boots "Rihaul" {rF+}
Stlth    ++........             b - amulet of the Four Winds {rN+ MR+++ Clar}
HPRegen  0.41/turn              m - ring of Tino {rPois rC+}
MPRegen  0.29/turn              A - ring of resist corrosion

@: protected from physical damage, corroded, studying 2 skills, repel missiles
A: distributed training, fangs 1, molten scales 1, deformed body, frail 1,
shaggy fur 1, weak 1, strong nose
}: 2/15 runes: decaying, serpentine
a: Upheaval, Elemental Force, Disaster Area, Renounce Religion


You were on level 4 of the Pits of Slime.
You worshipped Qazlal.
Qazlal was exalted by your worship.
You visited 9 branches of the dungeon, and saw 45 of its levels.
You also visited: Ossuary, Gauntlet and Ice Cave.

You collected 10106 gold pieces.
You spent 5008 gold pieces at shops.
You paid 40 gold pieces to Gozag.

Inventory:

Hand Weapons
 G - a +9 hand axe of venom (weapon)
 O - the +7 short sword "Mariut" {drain, Dex+3 Stlth+}
   (You found it on level 4 of the Swamp)

   A truly terrible weapon, it drains the life of those it strikes.
   It affects your dexterity (+3).
   It makes you more stealthy.
Missiles
 h - 8 atropa-tipped darts
 T - 14 curare-tipped darts (quivered)
Armour
 a - a +2 helmet (worn)
 g - a +2 pair of gloves (worn)
 r - the +7 ring mail "Umext" (worn) {rC+}
   (You found it on level 4 of the Dungeon)

   It protects you from cold.
 x - the +4 kite shield "Xaly" (worn) {rF+ rN+ MR+}
   (You found it on level 9 of the Dungeon)

   It protects you from fire.
   It protects you from negative energy.
   It affects your resistance to hostile enchantments.
 I - the +0 cloak of Demons (worn) {rC+ rN++ Int+2}
   (You bought it in a shop on level 2 of the Orcish Mines)

   It affects your intelligence (+2).
   It protects you from cold.
   It greatly protects you from negative energy.
 W - the +1 pair of boots "Rihaul" (worn) {rF+}
   (You found it on level 11 of the Dungeon)

   It protects you from fire.
Jewellery
 b - the amulet of the Four Winds (around neck) {rN+ MR+++ Clar}
   (You bought it in a shop on level 4 of the Dungeon)

   [amulet of nothing]

   It protects you from negative energy.
   It affects your resistance to hostile enchantments.
   It protects you against confusion.
 m - the ring of Tino (left hand) {rPois rC+}
   (You bought it in a shop on level 2 of the Orcish Mines)

   [ring of poison resistance]

   It protects you from cold.
   It protects you from poison.
 s - the amulet "Yxteamarr" {RegenMP rElec rC+}
   (You bought it in a shop on level 2 of the Orcish Mines)

   [amulet of magic regeneration]

   It increases your magic regeneration.
   It protects you from cold.
   It insulates you from electricity.
 A - a ring of resist corrosion (right hand)
 R - an uncursed ring of flight
Wands
 j - a wand of acid (30)
 z - a wand of digging (5)
 C - a wand of disintegration (58)
 F - a wand of flame (174)
 K - a wand of paralysis (92)
 L - a wand of random effects (16)
 Q - a wand of enslavement (29)
 X - a wand of polymorph (13)
 Y - a wand of iceblast (56)
Scrolls
 d - 10 scrolls of immolation
 k - 5 scrolls of blinking
 l - 14 scrolls of remove curse
 n - 22 scrolls of teleportation
 q - 9 scrolls of fog
 v - a scroll of summoning
 w - 8 scrolls of magic mapping
 D - 3 scrolls of vulnerability
Potions
 c - 5 potions of heal wounds
 e - 25 potions of curing
 i - 2 potions of ambrosia
 p - 7 potions of might
 t - 6 potions of brilliance
 u - 6 potions of haste
 H - 9 potions of cancellation
 J - 9 potions of lignification
 V - a potion of resistance
 Z - a potion of invisibility
Books
 S - a manual of Translocations
 U - a manual of Fighting
Miscellaneous
 M - a phantom mirror (inert)
 N - a tin of tremorstones (3/3)
 P - a lightning rod (4/4)


   Skills:
 + Level 18.0 Fighting
 + Level 16.6 Short Blades
 + Level 16.6 Long Blades
 + Level 16.6 Axes
 + Level 16.6 Maces & Flails
 + Level 16.6 Polearms
 + Level 16.6 Staves
 + Level 16.6 Slings
 + Level 16.6 Bows
 + Level 16.6 Crossbows
 + Level 16.6 Throwing
 + Level 16.6 Armour
 + Level 17.1 Dodging
 + Level 17.0 Stealth
 + Level 16.6 Shields
 + Level 16.6 Unarmed Combat
 + Level 17.1 Spellcasting
 + Level 14.3 Conjurations
 + Level 14.3 Hexes
 + Level 14.3 Summonings
 + Level 14.3 Necromancy
 + Level 14.5 Translocations
 + Level 14.4 Transmutations
 + Level 14.3 Fire Magic
 + Level 14.3 Ice Magic
 + Level 14.3 Air Magic
 + Level 14.3 Earth Magic
 + Level 15.1 Poison Magic
 + Level 17.9 Invocations
 + Level 16.6 Evocations


You had 11 spell levels left.
You knew the following spells:

 Your Spells              Type           Power        Failure   Level
a - Sting                 Tmut/Pois      ####         0%          1
b - Poisonous Vapours     Pois/Air       ######       0%          2
c - Olgreb's Toxic Radia  Pois           #######.     1%          4
d - Ignite Poison         Fire/Tmut/Pois #######.     1%          3
e - Mephitic Cloud        Conj/Pois/Air  #######.     1%          3
f - Frozen Ramparts       Ice            ######       1%          3
g - Bolt of Magma         Conj/Fire/Erth #######...   1%          5
h - Passwall              Tmut/Erth      #######.     0%          2
i - Blink                 Tloc           N/A          0%          2
j - Petrify               Tmut/Erth      #######.     1%          4
k - Lee's Rapid Deconstr  Erth           #######...   1%          5
l - Airstrike             Air            #######...   1%          4
m - Cause Fear            Hex            #######...   1%          4
n - Freezing Cloud        Conj/Ice/Air   #######...   1%          6

Your spell library contained the following spells:

 Spells                   Type           Power        Failure   Level
 Animate Skeleton         Necr           ######       0%          1
 Apportation              Tloc           ######       0%          1
 Beastly Appendage        Tmut           ######       0%          1
 Corona                   Hex            #######      0%          1
 Foxfire                  Conj/Fire      ####         0%          1
 Freeze                   Ice            ####         0%          1
 Magic Dart               Conj           ####         0%          1
 Pain                     Necr           ####         0%          1
 Sandblast                Erth           ######       0%          1
 Shock                    Conj/Air       ####         0%          1
 Summon Small Mammal      Summ           ####         0%          1
 Call Imp                 Summ           #######.     0%          2
 Corpse Rot               Necr/Air       N/A          0%          2
 Ensorcelled Hibernation  Hex/Ice        ######       0%          2
 Slow                     Hex            #######.     0%          2
 Sublimation of Blood     Necr           #######...   0%          2
 Swiftness                Air            #######.     0%          2
 Confusing Touch          Hex            #######.     1%          3
 Conjure Flame            Conj/Fire      #######.     1%          3
 Dazzling Flash           Conj/Hex       ######       1%          3
 Gell's Gravitas          Tloc           #######...   1%          3
 Inner Flame              Hex/Fire       #######.     1%          3
 Lesser Beckoning         Tloc           #######...   1%          3
 Ozocubu's Armour         Ice            #######.     1%          3
 Portal Projectile        Hex/Tloc       ######       1%          3
 Static Discharge         Conj/Air       #######.     1%          3
 Stone Arrow              Conj/Erth      ######       1%          3
 Summon Guardian Golem    Hex/Summ       #######.     1%          3
 Teleport Other           Tloc           #######.     1%          3
 Tukima's Dance           Hex            #######.     1%          3
 Vampiric Draining        Necr           #######...   1%          3
 Animate Dead             Necr           #######...   1%          4
 Dispel Undead            Necr           #######.     1%          4
 Hailstorm                Conj/Ice       #######.     1%          4
 Ice Form                 Ice/Tmut       #######.     1%          4
 Leda's Liquefaction      Hex/Erth       #######...   1%          4
 Passage of Golubria      Tloc           N/A          1%          4
 Sticky Flame             Conj/Fire      #######.     1%          4
 Summon Ice Beast         Ice/Summ       #######.     1%          4
 Summon Lightning Spire   Summ/Air       #######.     1%          4
 Agony                    Necr           #######.     1%          5
 Alistair's Intoxication  Tmut/Pois      #######..    1%          5
 Excruciating Wounds      Necr           #######...   1%          5
 Fireball                 Conj/Fire      #######...   1%          5
 Irradiate                Conj/Tmut      #######...   1%          5
 Iskenderun's Battlesphe  Conj           #######.     1%          5
 Lightning Bolt           Conj/Air       #######...   1%          5
 Metabolic Englaciation   Hex/Ice        #######...   1%          5
 Silence                  Hex/Air        #######...   1%          5
 Conjure Ball Lightning   Conj/Air       #######...   1%          6
 Dispersal                Tloc           #######...   1%          6
 Eringya's Noxious Bog    Tmut/Pois      #######...   1%          6
 Iron Shot                Conj/Erth      #######...   1%          6
 Ozocubu's Refrigeration  Ice            #######...   1%          6
 Shadow Creatures         Summ           N/A          1%          6
 Simulacrum               Ice/Necr       #######...   1%          6
 Statue Form              Tmut/Erth      #######..    1%          6
 Orb of Destruction       Conj           #######...   8%          7
 Spellforged Servitor     Conj/Summ      #######...   8%          7
 Summon Hydra             Summ           #######...   8%          7
 Disjunction              Tloc           #######...   50%         8
 Ignition                 Fire           #######...   52%         8
 Shatter                  Erth           #######...   100%        9
 Tornado                  Air            #######...   100%        9


Dungeon Overview and Level Annotations

Branches:
Dungeon (15/15)            Temple (1/1) D:4            Lair (6/6) D:9
  Swamp (4/4) Lair:2        Snake (4/4) Lair:3        Slime (5/5) Lair:5
    Orc (2/2) D:9             Elf (3/3) Orc:2        Vaults (0/5) D:13
 Depths (5/5) D:15            Zot (0/5) Depths:5    Ossuary (visited)
  IceCv (visited)         Gauntlet (visited)

Altars:
Ashenzari
Dithmenos
Elyvilon
Fedhas
Gozag
Hepliaklqana
Kikubaaqudgha
Makhleb
Nemelex Xobeh
Qazlal
Ru
Sif Muna
Trog
Vehumet
Wu Jian
Yredelemnul
The Shining One
Beogh
Jiyva

Shops:
D:4 =   D:7 :   D:14 *   Orc:2 :=?[   Snake:1 [(   Snake:2 :   Snake:4 }}
Depths:4 =*

Portals:
Hell: Depths:1 Depths:2 Depths:3 Depths:4 Depths:5
Abyss: Lair:5 Depths:2 Depths:4
Pandemonium: Depths:1 Depths:2 Depths:3 Depths:5
Ziggurat: Depths:3
Trove: Depths:5 (give 15 potions of curing)

Annotations:
Slime:5 Royal Jelly


Innate Abilities, Weirdness & Mutations

Your experience applies equally to all skills.
You have very sharp teeth.
Your uncanny sense of smell can sniff out nearby items.
You are partially covered in molten scales. (AC +2)
Armour fits poorly on your strangely shaped body.
You are frail. (-10% HP)
You are covered in fur. (AC +1)
You are weak. (Str -2)


Message History

The azure jelly is engulfed in freezing vapours.
You block the azure jelly's attack. The azure jelly closely misses you.
You block the azure jelly's attack. The azure jelly closely misses you.
You climb upwards.
There is a stone staircase leading down here.
The acid blob spits acid at you. The splash of acid misses you.
The azure jelly is engulfed in blazing flames.
You block the azure jelly's attack. x2
The azure jelly hits you but does no damage.
You block the azure jelly's attack. The acid blob hits you!
* * * LOW HITPOINT WARNING * * *
You are splashed with acid.
You resist.
* * * LOW HITPOINT WARNING * * *
The acid blob is engulfed in freezing vapours.
The acid blob spits acid at you. The splash of acid hits you. You resist.
* * * LOW HITPOINT WARNING * * *
You are splashed with acid.
You resist.
You die...

#...# ##..........#...#
###...###...............####
.#...^.............^.......##
............................#
...........................##
......#......§°J..○.#.....##
.....###.......JJ.......###
.....# #.......J°.......##
....####.......○@.☼......##
..#####....#...☼.○§.......##
...##..#.......##.#.#......##
...#.......#...#####........#
....#..#..###.## ##......##
...#...#...#### #........###
........#.# ##.#...###
.......##.. # ##.##
......##... #..


You could see 2 acid blobs and 2 azure jellies.

Vanquished Creatures
  2 ancient liches (Depths:4)
  Bai Suzhen (Swamp:4)
  The ghost of Ycuanno the Bewitcher, a master KoEn of Dithmenos (Depths:5)
  2 caustic shrikes (Depths:4)
  The ghost of Ozizeorol the Impregnable, a veteran GrFi of Gozag (Depths:4)
  the Enchantress (Depths:3)
  4 golden dragons
  A bone dragon (Depths:5)
  The ghost of mora the Lord of Darkness, an adept GnNe of Kikubaaqudgha (Elf:3)
  6 liches
  The ghost of Izusiutekh the Wrestler, a veteran VSFi of Gozag (Depths:4)
  The ghost of Keumyggi the Wrestler, a veteran VSFi of Gozag (Depths:5)
  Rupert (Lair:4)
  5 tentacled monstrosities
  Jorgrun (Elf:1)
  A titan (Depths:2)
  11 acid blobs
  The ghost of Anicvumpo the Fencer, an adept DsGl of Yredelemnul (Depths:5)
  3 deep elf blademasters
  The ghost of Zuugaiju the Executioner, an adept DDFi of Makhleb (Depths:4)
  A deep elf master archer (Elf:3)
  Gastronok (Lair:1)
  4 sphinxes
  3 storm dragons
  2 shadow dragons
  5 tengu reavers
  Roxanne (Elf:1)
  Kirke (D:13)
  2 thorn hunters (Swamp:2)
  3 azure jellies
  An azure jelly (shapeshifter) (Depths:2)
  8 nagarajas
  11 fire giants
  13 frost giants
  A draconian scorcher (Depths:5)
  7 deep elf sorcerers
  An iron dragon (Depths:5)
  Aizul (Snake:4)
  3 orc warlords (Orc:1)
  A caustic shrike zombie (Depths:1)
  Louise (Swamp:4)
  2 cacodemons (Elf:3)
  6 deep elf elementalists
  A draconian annihilator (Depths:5)
  9 spriggan defenders
  A green draconian (Depths:5)
  11 very ugly things
  5 vampire knights
  23 stone giants
  A black draconian (Depths:5)
  3 purple draconians (Depths:5)
  6 dire elephants (Lair:6)
  6 deep elf demonologists
  A white draconian (Depths:5)
  18 spark wasps
  The ghost of Yermak the Severer, a journeyman DDBe of Trog (Swamp:1)
  4 deep elf death magi
  9 deep elf annihilators
  A minotaur (Gauntlet)
  A red draconian (Depths:5)
  2 blizzard demons
  6 crystal guardians (Elf:3)
  A merfolk impaler (Depths:3)
  4 death oozes
  13 ettins
  5 jiangshi
  14 fire dragons
  11 ice dragons
  The ghost of Drevant2 the Cleaver, a journeyman DsCK of Xom (Lair:5)
  11 deep elf high priests
  Fannar (Lair:1)
  6 yaktaur captains
  16 great orbs of eyes
  11 naga warriors
  2 ghost crabs
  4 rakshasas
  27 hydras
  11 spriggan air magi
  3 shambling mangroves
  Erica (Orc:1)
  A catoblepas (Lair:4)
  10 alligators
  8 centaur warriors
  8 anacondas
  4 ogre magi
  A death knight (D:13)
  A two-headed ogre (shapeshifter) (Gauntlet)
  22 two-headed ogres
  13 tengu warriors
  11 spriggan berserkers
  9 deep troll shamans
  22 dancing weapons
  12 death yaks
  7 vampire magi
  10 shock serpents
  13 deep troll earth magi
  12 naga sharpshooters
  Sonja (D:12)
  Urug (Orc:1)
  15 spriggans
  3 sun demons
  2 soul eaters (Depths:1)
  22 deep elf knights
  A sixfirhy (Lair:5)
  2 hell knights
  A fire crab (D:11)
  4 iron trolls
  9 skeletal warriors
  A spriggan druid (Swamp:4)
  6 deep trolls
  4 glowing orange brains
  3 flayed ghosts
  5 unseen horrors
  9 large abominations
  A spark wasp zombie (Depths:3)
  13 naga ritualists
  16 swamp dragons
  12 deep elf archers
  A golden dragon skeleton (Depths:1)
  4 phantasmal warriors
  3 wizards
  An obsidian statue (Depths:1)
  6 orc sorcerers
  55 deep elf magi
  8 mana vipers
  3 necromancers
  27 ugly things
  9 orc knights
  A frost giant zombie (Depths:1)
  A tengu skeleton (Depths:3)
  7 cyclopes
  An iron dragon zombie (Depths:3)
  2 oklob plants (Lair:2)
  A wolf spider (shapeshifter) (Depths:3)
  A faun (shapeshifter) (Depths:2)
  13 shining eyes
  5 salamanders
  An elephant (shapeshifter) (Depths:3)
  38 black mambas
  3 manticores
  2 ice statues (IceCv)
  24 elephants
  A black mamba (shapeshifter) (Depths:3)
  26 naga magi
  2 orange demons (Depths:1)
  A fire giant skeleton (Depths:3)
  A centaur zombie (D:12)
  5 eyes of devastation
  A guardian serpent (Snake:4)
  4 centaur skeletons
  An eye of devastation (shapeshifter) (Depths:3)
  28 cane toads
  3 rime drakes
  27 yaktaurs
  5 tengu conjurers
  A kobold demonologist (D:13)
  3 komodo dragons
  An ancient zyme (Lair:5)
  13 ice devils
  4 trolls
  A queen bee (Gauntlet)
  3 meliai (D:14)
  10 tyrant leeches
  2 polar bears
  14 bog bodies
  16 hornets
  2 hornets (shapeshifter)
  121 slime creatures
  10 hippogriffs
  12 blink frogs
  A meliai zombie (D:13)
  13 dream sheep
  An elf zombie (Depths:3)
  3 air elementals
  A tarantella (shapeshifter) (Depths:1)
  An ettin skeleton (Depths:1)
  A centaur simulacrum (D:15)
  A spriggan (shapeshifter) (Depths:3)
  7 shadows
  5 wyverns
  70 yaks
  A wraith (D:15)
  5 humans (D:13)
  5 water elementals
  14 golden eyes
  2 fire elementals (Elf:3)
  2 hogs (D:13)
  3 fire bats (D:11)
  A golden eye (shapeshifter) (Depths:5)
  5 basilisks
  A neqoxec (Lair:5)
  14 vampire mosquitoes
  6 wargs
  A steam dragon (D:13)
  18 swamp worms
  3 insubstantial wisps (Swamp:3)
  40 nagas
  Duvessa (D:4)
  3 hell hounds (D:11)
  An acid dragon (D:12)
  A water moccasin (shapeshifter) (Elf:3)
  19 water moccasins
  3 floating eyes
  7 porcupines
  15 swamp drakes
  3 black bears
  45 orc warriors
  An ice beast (shapeshifter) (D:15)
  6 eyes of draining
  3 ice beasts
  2 sky beasts
  5 phantoms
  17 ogres
  6 centaurs
  3 boggarts
  16 crocodiles
  Blork the orc (D:5)
  A big kobold (shapeshifter) (Depths:1)
  A gnoll sergeant (D:10)
  19 bullfrogs
  3 earth elementals
  Dowan (D:4)
  4 scorpions
  A wyvern skeleton (D:10)
  A scorpion (shapeshifter) (Elf:3)
  8 killer bees
  A water moccasin skeleton (D:6)
  22 wights
  15 howler monkeys
  3 electric eels
  7 crimson imps
  A bullfrog zombie (D:12)
  8 hounds
  A quasit (D:11)
  4 iron imps (Depths:1)
  6 jellies
  A gnoll shaman (D:8)
  17 orc priests
  Jessica (D:3)
  A bullfrog skeleton (D:12)
  Ijyb (D:3)
  3 iguanas
  25 orc wizards
  A worker ant (shapeshifter) (Depths:5)
  4 worker ants
  A mummy (D:6)
  A worker ant zombie (D:11)
  2 gnolls (shapeshifter) (Elf:3)
  15 adders
  19 gnolls
  A howler monkey skeleton (D:8)
  2 river rats (shapeshifter) (Elf:3)
  6 shadow imps
  11 white imps
  8 ufetubi
  An adder skeleton (D:8)
  2 worms (D:2)
  3 dart slugs
  4 leopard geckos
  78 orcs
  An orc (shapeshifter) (Elf:3)
  4 ball pythons
  7 bats
  5 giant cockroaches
  A gnoll zombie (Ossuary)
  5 hobgoblins
  16 jackals
  4 quokkas
  A frilled lizard (D:3)
  6 goblins
  12 kobolds
  A kobold zombie (Ossuary)
  A quokka zombie (D:8)
  6 rats
  2 briar patches
  A bush (Lair:4)
  A butterfly (Lair:5)
1978 creatures vanquished.

Vanquished Creatures (collateral kills)
  A thorn hunter (Swamp:1)
  A hydra (Swamp:1)
  A swamp dragon (Swamp:1)
3 creatures vanquished.

Vanquished Creatures (others)
  A salamander (Snake:2)
  A slime creature (Swamp:3)
  A swamp drake (Swamp:3)
  An ogre (D:9)
  A centaur (D:9)
  A crimson imp (Depths:1)
  A centaur zombie (D:9)
  3 white imps (IceCv)
  2 ufetubi (IceCv)
  A leopard gecko (shapeshifter) (Elf:3)
  An orc (D:13)
  2 briar patches (Swamp:2)
  50 fungi
  54 plants
  4 toadstools (D:10)
124 creatures vanquished.

Grand Total: 2105 creatures vanquished

Notes
Turn   | Place    | Note
-------+----------+-------------------------------------------
     0 | D:1      | PirateVox the Gnoll Venom Mage began the quest for the Orb.
     0 | D:1      | Reached XP level 1. HP: 13/13 MP: 6/6
    91 | D:1      | Reached XP level 2. HP: 19/19 MP: 2/7
   576 | D:1      | Reached XP level 3. HP: 25/25 MP: 7/9
   631 | D:1      | Reached skill level 5 in Spellcasting
  1159 | D:2      | Reached skill level 1 in Invocations
  1184 | D:2      | Reached skill level 1 in Fighting
  1184 | D:2      | Reached skill level 1 in Short Blades
  1184 | D:2      | Reached skill level 1 in Long Blades
  1184 | D:2      | Reached skill level 1 in Axes
  1184 | D:2      | Reached skill level 1 in Maces & Flails
  1184 | D:2      | Reached skill level 1 in Polearms
  1184 | D:2      | Reached skill level 1 in Staves
  1184 | D:2      | Reached skill level 1 in Slings
  1184 | D:2      | Reached skill level 1 in Bows
  1184 | D:2      | Reached skill level 1 in Crossbows
  1184 | D:2      | Reached skill level 1 in Throwing
  1184 | D:2      | Reached skill level 1 in Armour
  1184 | D:2      | Reached skill level 1 in Shields
  1184 | D:2      | Reached skill level 1 in Unarmed Combat
  1184 | D:2      | Reached skill level 1 in Evocations
  1395 | D:2      | Reached XP level 4. HP: 17/32 MP: 6/11
  1399 | D:2      | Learned a level 2 spell: Poisonous Vapours
  1404 | D:2      | Learned a level 4 spell: Olgreb's Toxic Radiance
  1408 | D:2      | Learned a level 3 spell: Ignite Poison
  1412 | D:2      | Learned a level 3 spell: Mephitic Cloud
  1757 | D:2      | Found an opulent altar of Gozag.
  1773 | D:2      | Became a worshipper of Gozag Ym Sagoz the Greedy
  1965 | D:2      | Reached skill level 1 in Conjurations
  1965 | D:2      | Reached skill level 1 in Hexes
  1965 | D:2      | Reached skill level 1 in Summonings
  1965 | D:2      | Reached skill level 1 in Necromancy
  1965 | D:2      | Reached skill level 1 in Translocations
  1965 | D:2      | Reached skill level 1 in Fire Magic
  1965 | D:2      | Reached skill level 1 in Ice Magic
  1965 | D:2      | Reached skill level 1 in Air Magic
  1965 | D:2      | Reached skill level 1 in Earth Magic
  2354 | D:3      | Noticed an ogre
  2358 | D:3      | Killed an ogre
  2358 | D:3      | Reached XP level 5. HP: 31/37 MP: 5/12
  2861 | D:3      | Noticed Ijyb
  2869 | D:3      | Killed Ijyb
  2869 | D:3      | Reached XP level 6. HP: 44/44 MP: 5/13
  3342 | D:3      | Noticed Jessica
  3344 | D:3      | Killed Jessica
  3344 | D:3      | Reached skill level 5 in Dodging
  3626 | D:4      | Reached skill level 2 in Fighting
  3747 | D:4      | Found the +4 robe of Augmentation {Str+4 Int+4 Dex+4}
  3748 | D:4      | Identified First Steps in Witchery
  3906 | D:4      | Got a translucent ring mail
  3976 | D:4      | Found Gidwun's Jewellery Shop.
  3978 | D:4      | Noticed Duvessa
  3983 | D:4      | Noticed Dowan
  3991 | D:4      | Killed Duvessa
  3991 | D:4      | Reached XP level 7. HP: 47/50 MP: 6/15
  3999 | D:4      | Killed Dowan
  4524 | D:4      | Found a staircase to the Ecumenical Temple.
  4714 | D:5      | Entered Level 5 of the Dungeon
  4769 | D:4      | Bought the amulet of the Four Winds {rN+ MR+++ Clar} for
                  | 570 gold pieces
  4769 | D:4      | Found the amulet of the Four Winds {rN+ MR+++ Clar}
  4810 | Temple   | Entered the Ecumenical Temple
  4843 | Temple   | Fell from the grace of Gozag
  4843 | Temple   | Became a worshipper of Qazlal Stormbringer
  5036 | D:5      | Found a radiant altar of Vehumet.
  5064 | D:5      | Noticed Blork the orc
  5069 | D:5      | Killed Blork the orc
  5069 | D:5      | Reached skill level 5 in Stealth
  5376 | D:5      | Reached XP level 8. HP: 32/57 MP: 7/16
  5878 | D:5      | Identified the +7 ring mail "Umext" {rC+} (You found it on
                  | level 4 of the Dungeon)
  5901 | D:6      | Reached skill level 3 in Fighting
  6108 | D:6      | Found a sand-covered staircase.
  6139 | Ossuary  | Entered an ossuary
  6779 | D:6      | Was forgiven by Gozag
  7014 | D:6      | Reached * piety under Qazlal
  7014 | D:6      | Reached XP level 9. HP: 65/65 MP: 15/18
  7682 | D:7      | Reached skill level 4 in Fighting
  7782 | D:7      | Found Sidezies's Book Shoppe.
  7919 | D:7      | Found a sacrificial altar of Ru.
  8531 | D:8      | Noticed a two-headed ogre
  8538 | D:8      | Killed an unseen horror
  8538 | D:8      | Reached skill level 5 in Invocations
  8538 | D:8      | Killed a two-headed ogre
  8538 | D:8      | Reached XP level 10. HP: 56/73 MP: 5/20
  8539 | D:8      | Reached skill level 5 in Fighting
  8539 | D:8      | Reached skill level 5 in Short Blades
  8539 | D:8      | Reached skill level 5 in Long Blades
  8539 | D:8      | Reached skill level 5 in Axes
  8539 | D:8      | Reached skill level 5 in Maces & Flails
  8539 | D:8      | Reached skill level 5 in Polearms
  8539 | D:8      | Reached skill level 5 in Staves
  8539 | D:8      | Reached skill level 5 in Slings
  8539 | D:8      | Reached skill level 5 in Bows
  8539 | D:8      | Reached skill level 5 in Crossbows
  8539 | D:8      | Reached skill level 5 in Throwing
  8539 | D:8      | Reached skill level 5 in Armour
  8539 | D:8      | Reached skill level 5 in Shields
  8539 | D:8      | Reached skill level 5 in Unarmed Combat
  8539 | D:8      | Reached skill level 5 in Evocations
  8612 | D:8      | Noticed a cyclops
  8616 | D:8      | Killed a cyclops
  8882 | D:8      | Reached ** piety under Qazlal
 10103 | D:9      | Reached skill level 5 in Transmutations
 10239 | D:9      | Noticed a deep elf mage
 10242 | D:9      | Killed a deep elf mage
 10547 | D:9      | Got a fine kite shield
 10644 | D:9      | Found a staircase to the Lair.
 10644 | D:9      | Noticed an elephant
 10652 | D:9      | Killed an elephant
 10652 | D:9      | Reached XP level 11. HP: 80/81 MP: 8/22
 10773 | D:9      | Reached skill level 6 in Fighting
 10773 | D:9      | Reached skill level 5 in Conjurations
 10773 | D:9      | Reached skill level 5 in Hexes
 10773 | D:9      | Reached skill level 5 in Summonings
 10773 | D:9      | Reached skill level 5 in Necromancy
 10773 | D:9      | Reached skill level 5 in Translocations
 10773 | D:9      | Reached skill level 5 in Fire Magic
 10773 | D:9      | Reached skill level 5 in Ice Magic
 10773 | D:9      | Reached skill level 5 in Air Magic
 10773 | D:9      | Reached skill level 5 in Earth Magic
 11175 | D:9      | Found a staircase to the Orcish Mines.
 11604 | D:10     | Entered Level 10 of the Dungeon
 11909 | D:10     | Noticed a two-headed ogre
 11913 | D:10     | Killed a two-headed ogre
 11913 | D:10     | Reached *** piety under Qazlal
 12473 | D:10     | Noticed a two-headed ogre
 12477 | D:10     | Killed a two-headed ogre
 12478 | D:10     | Noticed a centaur warrior
 12485 | D:10     | Killed a centaur warrior
 12543 | D:10     | Reached XP level 12. HP: 85/89 MP: 2/24
 12791 | D:10     | Reached **** piety under Qazlal
 13535 | D:10     | Identified the +4 kite shield "Xaly" {rF+ rN+ MR+} (You
                  | found it on level 9 of the Dungeon)
 13635 | D:11     | Found a transporter.
 13780 | D:11     | Reached skill level 7 in Fighting
 14147 | D:11     | Found a transporter.
 14671 | D:11     | Found a large runed translucent door.
 14672 | D:11     | Found a large runed translucent door.
 14983 | D:11     | Noticed a tengu reaver
 15285 | D:12     | You fall into a shaft and drop 2 floors!
 15324 | D:14     | Noticed a centaur warrior
 15328 | D:14     | Killed a centaur warrior
 15447 | D:14     | Noticed a tengu warrior
 15451 | D:14     | Killed a tengu warrior
 15495 | D:14     | Noticed a tengu warrior
 15499 | D:14     | Killed a tengu warrior
 16102 | D:14     | Found Wowofoun's Assorted Antiques.
 16108 | D:14     | Bought a scroll of identify for 54 gold pieces
 16195 | D:14     | Reached XP level 13. HP: 91/98 MP: 26/26
 16484 | D:13     | Noticed a yaktaur captain
 16486 | D:13     | Killed a yaktaur captain
 16494 | D:13     | Reached skill level 8 in Fighting
 16650 | D:13     | Reached ***** piety under Qazlal
 16978 | D:13     | Noticed Kirke
 16984 | D:13     | Killed Kirke
 17390 | D:13     | Found a gate to the Vaults.
 17985 | D:12     | Noticed Sonja
 17990 | D:12     | Killed Sonja
 18468 | D:15     | Entered Level 15 of the Dungeon
 18475 | D:15     | Reached skill level 10 in Spellcasting
 18646 | D:15     | Noticed an ettin
 18753 | D:15     | Killed an ettin
 18860 | D:15     | Reached XP level 14. HP: 94/106 MP: 18/28
 18942 | D:15     | Found a shattered altar of Ashenzari.
 18944 | D:15     | Reached skill level 10 in Dodging
 19185 | D:15     | Reached skill level 9 in Fighting
 19596 | D:15     | Reached skill level 10 in Stealth
 19713 | D:15     | Found a staircase to the Depths.
 20016 | D:15     | Reached skill level 10 in Invocations
 20389 | D:15     | Identified the +4 short sword "Xiyrphemu" {venom, rElec rN+
                  | Int-5}
 20707 | D:15     | Learned a level 2 spell: Passwall
 20775 | D:15     | Learned a level 5 spell: Bolt of Magma
 21020 | D:15     | Learned a level 3 spell: Frozen Ramparts
 21023 | D:15     | Learned a level 2 spell: Blink
 21196 | D:11     | Got a pair of scorched boots
 21265 | D:11     | Killed a tengu reaver
 21515 | D:11     | Found an opulent altar of Gozag.
 21518 | D:11     | Found a shadowy altar of Dithmenos.
 21533 | D:11     | Identified the +1 pair of boots "Rihaul" {rF+} (You found
                  | it on level 11 of the Dungeon)
 21803 | Lair:1   | Entered Level 1 of the Lair of Beasts
 21818 | Lair:1   | Noticed Fannar
 22159 | Lair:1   | Killed Fannar
 22165 | Lair:1   | Reached ****** piety under Qazlal
 22424 | Lair:1   | Noticed Gastronok
 22442 | Lair:1   | Killed Gastronok
 23386 | Lair:2   | Reached XP level 15. HP: 115/115 MP: 26/29
 23582 | Lair:2   | Identified the Compendium of Blistering Feathers
 24032 | Lair:2   | Found a staircase to the Swamp.
 24836 | Lair:2   | HP: 5/115 [acid (14)]
 25341 | Lair:2   | Learned a level 4 spell: Petrify
 25347 | Lair:2   | Learned a level 5 spell: Lee's Rapid Deconstruction
 25779 | Lair:3   | Reached skill level 10 in Poison Magic
 25898 | Lair:3   | Found a staircase to the Snake Pit.
 26170 | Lair:3   | Reached skill level 10 in Fighting
 26170 | Lair:3   | Reached skill level 10 in Short Blades
 26170 | Lair:3   | Reached skill level 10 in Long Blades
 26170 | Lair:3   | Reached skill level 10 in Axes
 26170 | Lair:3   | Reached skill level 10 in Maces & Flails
 26170 | Lair:3   | Reached skill level 10 in Polearms
 26170 | Lair:3   | Reached skill level 10 in Staves
 26170 | Lair:3   | Reached skill level 10 in Slings
 26170 | Lair:3   | Reached skill level 10 in Bows
 26170 | Lair:3   | Reached skill level 10 in Crossbows
 26170 | Lair:3   | Reached skill level 10 in Throwing
 26170 | Lair:3   | Reached skill level 10 in Armour
 26170 | Lair:3   | Reached skill level 10 in Shields
 26170 | Lair:3   | Reached skill level 10 in Unarmed Combat
 26170 | Lair:3   | Reached skill level 10 in Evocations
 27187 | Lair:4   | Noticed Rupert
 27198 | Lair:4   | Killed Rupert
 28491 | Lair:5   | Reached XP level 16. HP: 110/123 MP: 22/31
 28820 | Lair:5   | Found a transporter.
 28826 | Lair:5   | Noticed Drevant2's ghost (journeyman DsCK)
 28826 | Lair:5   | Identified the +10 demon trident of Integrity {distort,
                  | Str+4}
 28944 | Lair:5   | Found a transporter.
 28953 | Lair:5   | Found a shadowy altar of Dithmenos.
 28965 | Lair:5   | Found a viscous altar of Jiyva.
 28965 | Lair:5   | Found a staircase to the Slime Pits.
 29522 | Lair:5   | Found a one-way gate to the infinite horrors of the Abyss.
 29548 | Lair:6   | Entered Level 6 of the Lair of Beasts
 29709 | Lair:6   | Found a gate leading to a gauntlet.
 29743 | Gauntlet | Entered a Gauntlet
 29743 | Gauntlet | Found a transporter.
 29743 | Gauntlet | Found a transporter.
 29744 | Gauntlet | Found a transporter.
 29775 | Gauntlet | Identified the amulet of the Commoners {Spirit rElec Int+6}
 29795 | Gauntlet | Found a transporter.
 29805 | Gauntlet | Found a transporter.
 29809 | Gauntlet | Found a transporter.
 29821 | Gauntlet | Found a transporter.
 29827 | Gauntlet | Found a transporter.
 29844 | Gauntlet | Found a transporter.
 29848 | Gauntlet | Found a transporter.
 29858 | Gauntlet | Found a transporter.
 29862 | Gauntlet | Found a transporter.
 30184 | Gauntlet | Got a polished helmet
 30315 | Gauntlet | Identified the +1 helmet of Gusiwniti {rPois rN+} (You
                  | found it in a Gauntlet)
 30455 | Gauntlet | Identified the +10 great sword of Anguish {flame, +Inv
                  | rElec rF+ Dex+3}
 32861 | Lair:6   | Reached skill level 11 in Fighting
 33638 | Orc:1    | Entered Level 1 of the Orcish Mines
 33700 | Orc:1    | Noticed Urug
 33705 | Orc:1    | Killed Urug
 33755 | Orc:1    | Found a roughly hewn altar of Beogh.
 33853 | Orc:2    | Entered Level 2 of the Orcish Mines
 34270 | Orc:2    | Found a staircase to the Elven Halls.
 34771 | Orc:2    | Found Ixtoheh's Book Shoppe.
 34771 | Orc:2    | Found Yrickoc's Jewellery Boutique.
 34783 | Orc:2    | Found a roughly hewn altar of Beogh.
 34828 | Orc:2    | Bought a book of Air for 560 gold pieces
 34837 | Orc:2    | Bought the ring of Tino {rPois rC+} for 408 gold pieces
 34837 | Orc:2    | Bought the amulet "Yxteamarr" {RegenMP rElec rC+} for 612
                  | gold pieces
 34907 | Orc:2    | Found Oboeff's Antique Armour Boutique.
 34907 | Orc:2    | Found Totwiuff's Magic Scroll Shoppe.
 34912 | Orc:2    | Bought a bloodstained cloak for 199 gold pieces
 34912 | Orc:2    | Bought a distressingly furry scale mail for 189 gold pieces
 35155 | Orc:2    | Identified the cursed +0 cloak of Demons {rC+ rN++ Int+2}
                  | (You bought it in a shop on level 2 of the Orcish Mines)
 35165 | Orc:2    | Identified the cursed +0 scale mail of Death's Door {rCorr
                  | Int+3} (You bought it in a shop on level 2 of the Orcish
                  | Mines)
 35611 | Orc:1    | Noticed Erica
 35634 | Orc:1    | Killed Erica
 35634 | Orc:1    | Reached XP level 17. HP: 131/131 MP: 16/33
 35722 | Orc:1    | Found a transporter.
 36184 | Orc:1    | Found a roughly hewn altar of Beogh.
 36184 | Orc:1    | Found a transporter.
 36936 | Swamp:1  | Entered Level 1 of the Swamp
 37014 | Lair:2   | Learned a level 4 spell: Airstrike
 37413 | Swamp:1  | Reached skill level 10 in Transmutations
 38646 | Swamp:1  | Got a glimmering scythe
 38682 | Swamp:1  | Found a runed translucent door.
 38684 | Swamp:1  | Noticed Yermak's ghost (journeyman DDBe)
 38697 | Swamp:1  | Killed Yermak's ghost
 40009 | Swamp:2  | Reached skill level 10 in Conjurations
 40009 | Swamp:2  | Reached skill level 10 in Hexes
 40009 | Swamp:2  | Reached skill level 10 in Summonings
 40009 | Swamp:2  | Reached skill level 10 in Necromancy
 40009 | Swamp:2  | Reached skill level 10 in Translocations
 40009 | Swamp:2  | Reached skill level 10 in Fire Magic
 40009 | Swamp:2  | Reached skill level 10 in Ice Magic
 40009 | Swamp:2  | Reached skill level 10 in Air Magic
 40009 | Swamp:2  | Reached skill level 10 in Earth Magic
 40897 | D:15     | Identified the +7 scythe "Ogrebane" {venom, +Rage Dex+3}
                  | (You found it on level 1 of the Swamp)
 41862 | Swamp:3  | Reached XP level 18. HP: 136/140 MP: 10/34
 42589 | Swamp:4  | Entered Level 4 of the Swamp
 43162 | Swamp:4  | Reached skill level 12 in Fighting
 50918 | Swamp:4  | Noticed Bai Suzhen
 51016 | Swamp:4  | Killed Bai Suzhen
 51239 | Swamp:4  | Noticed Louise
 51260 | Swamp:4  | Killed Louise
 51612 | Swamp:4  | Got a smouldering short sword
 52310 | Swamp:4  | Got a decaying rune of Zot
 52867 | D:15     | Identified the +7 short sword "Mariut" {drain, Dex+3
                  | Stlth+} (You found it on level 4 of the Swamp)
 53096 | Snake:1  | Entered Level 1 of the Snake Pit
 53155 | Snake:1  | Got an ancient chain mail
 54124 | Snake:1  | Found Koquffag's Armour Emporium.
 54128 | Snake:1  | Found Bunlacem's Antique Weapon Emporium.
 55699 | Snake:2  | Reached XP level 19. HP: 136/147 MP: 33/36
 56044 | Snake:2  | Found Xuuwkuim's Book Shop.
 56571 | Snake:3  | Found a frozen archway.
 56601 | IceCv    | Entered an ice cave
 57058 | IceCv    | Identified a +1 pair of boots of running (You found it in
                  | an ice cave)
 57085 | IceCv    | Identified the +9 chain mail "Ylapp" {Dex+7} (You found it
                  | on level 1 of the Snake Pit)
 58638 | Snake:3  | Identified Elec's Guide on the Mountains and the Snowflakes
 59052 | Snake:4  | Entered Level 4 of the Snake Pit
 59060 | Snake:4  | Noticed Aizul
 59077 | Snake:4  | Killed Aizul
 61046 | Snake:4  | Reached skill level 13 in Fighting
 61693 | Snake:4  | Found Yddaucel's Gadget Shop.
 61694 | Snake:4  | Found Bessiot's Jewellery Shoppe.
 61696 | Snake:4  | Found Kirunaipt's Gadget Shop.
 61701 | Snake:4  | Bought a wand of iceblast (6) for 140 gold pieces
 61701 | Snake:4  | Bought a wand of flame (8) for 70 gold pieces
 61705 | Snake:4  | Bought a wand of iceblast (7) for 176 gold pieces
 61705 | Snake:4  | Bought a wand of flame (23) for 200 gold pieces
 61705 | Snake:4  | Bought a wand of disintegration (17) for 336 gold pieces
 61705 | Snake:4  | Bought a wand of disintegration (6) for 160 gold pieces
 61705 | Snake:4  | Bought a wand of paralysis (9) for 176 gold pieces
 61705 | Snake:4  | Bought a wand of flame (13) for 120 gold pieces
 61959 | Snake:4  | Got a serpentine rune of Zot
 62079 | Snake:4  | Identified a scroll of acquirement
 62080 | Snake:4  | Acquired 2200 gold pieces
 62262 | Orc:2    | Bought a scroll of acquirement for 520 gold pieces
 62263 | Orc:2    | Acquired 700 gold pieces
 62719 | Elf:1    | Entered Level 1 of the Elven Halls
 62856 | Elf:1    | Noticed Jorgrun
 62869 | Elf:1    | Killed Jorgrun
 62869 | Elf:1    | Reached XP level 20. HP: 95/156 MP: 16/37
 63871 | Elf:1    | Noticed Roxanne
 64037 | Elf:1    | Killed Roxanne
 64131 | Elf:1    | Identified the Collected Works on the Escort
 65039 | Elf:2    | Found a runed translucent gate.
 65039 | Elf:2    | Found a runed translucent gate.
 65048 | Elf:2    | Found a runed translucent gate.
 66685 | Elf:2    | Learned a level 4 spell: Cause Fear
 66963 | Depths:1 | Entered Level 1 of the Depths
 68000 | Depths:1 | Reached XP level 21. HP: 163/164 MP: 10/39
 68088 | Depths:1 | Found a gateway to Hell.
 68216 | Depths:1 | Identified the +4 demon whip of the Dark Horse {flame,
                  | Dex+2}
 68370 | Depths:1 | Paralysed by a great orb of eyes for 2 turns
 68721 | Depths:1 | Reached skill level 15 in Invocations
 68826 | Depths:1 | Reached skill level 14 in Fighting
 69233 | Depths:1 | Found a runed translucent door.
 69606 | Depths:1 | Found a one-way gate leading to the halls of Pandemonium.
 70520 | Depths:2 | Paralysed by a floating eye for 4 turns
 70568 | Depths:2 | Found a burning altar of Makhleb.
 70568 | Depths:2 | Found a bloodstained altar of Trog.
 70569 | Depths:2 | Found a sparkling altar of Nemelex Xobeh.
 71698 | Depths:2 | Reached skill level 15 in Spellcasting
 71765 | Depths:2 | Reached XP level 22. HP: 129/172 MP: 38/41
 71999 | Depths:2 | Reached skill level 15 in Dodging
 72593 | Depths:2 | Reached skill level 15 in Stealth
 73217 | Depths:3 | Noticed the Enchantress
 73243 | Depths:3 | Killed the Enchantress
 73885 | Depths:3 | Paralysed by a floating eye for 4 turns
 74438 | Depths:3 | Reached XP level 23. HP: 126/180 MP: 28/42
 74535 | Depths:3 | Identified the cursed +1 lajatang of Kaiferif {vorpal,
                  | rElec rPois Str+4}
 74858 | Depths:3 | Reached skill level 15 in Fighting
 74858 | Depths:3 | Reached skill level 15 in Short Blades
 74858 | Depths:3 | Reached skill level 15 in Long Blades
 74858 | Depths:3 | Reached skill level 15 in Axes
 74858 | Depths:3 | Reached skill level 15 in Maces & Flails
 74858 | Depths:3 | Reached skill level 15 in Polearms
 74858 | Depths:3 | Reached skill level 15 in Staves
 74858 | Depths:3 | Reached skill level 15 in Slings
 74858 | Depths:3 | Reached skill level 15 in Bows
 74858 | Depths:3 | Reached skill level 15 in Crossbows
 74858 | Depths:3 | Reached skill level 15 in Throwing
 74858 | Depths:3 | Reached skill level 15 in Armour
 74858 | Depths:3 | Reached skill level 15 in Shields
 74858 | Depths:3 | Reached skill level 15 in Unarmed Combat
 74858 | Depths:3 | Reached skill level 15 in Evocations
 75557 | Depths:3 | Learned a level 6 spell: Freezing Cloud
 75574 | Depths:3 | Identified the amulet of Xom's Wantonness {Acrobat Int+6
                  | Dex-2 SInv Stlth+} (You found it on level 3 of the Depths)
 75754 | Depths:3 | Found a gateway to a ziggurat.
 76179 | Depths:3 | Identified the cursed +0 scale mail "Xeaco" {rF+ MR+} (You
                  | found it on level 3 of the Depths)
 76426 | Depths:3 | You fall into a shaft and drop 2 floors!
 76426 | Depths:5 | Entered Level 5 of the Depths
 76503 | Depths:4 | HP: 3/182 [something (10)]
 77497 | Depths:4 | Found Haocs's Jewellery Shoppe.
 77612 | Depths:4 | Found Zientus's Assorted Antiques.
 77628 | Depths:4 | Bought a potion of curing for 138 gold pieces
 77634 | Depths:4 | Bought an uncursed ring of resist corrosion for 380 gold
                  | pieces
 78715 | Depths:4 | Noticed a caustic shrike
 78728 | Depths:4 | Killed a caustic shrike
 78827 | Depths:4 | Paralysed by a vampire knight for 3 turns
 79148 | Depths:4 | Noticed a golden dragon
 79699 | Depths:4 | Killed a golden dragon
 79864 | Depths:4 | Noticed a golden dragon
 79874 | Depths:4 | Killed a golden dragon
 79874 | Depths:4 | Reached XP level 24. HP: 178/191 MP: 13/43
 81229 | Depths:5 | Reached skill level 16 in Fighting
 82039 | Depths:5 | Found a gate to the Realm of Zot.
 82320 | Depths:5 | Found a huge runed gate.
 82320 | Depths:5 | Found a huge runed gate.
 82322 | Depths:5 | Found a huge runed gate.
 82338 | Depths:5 | Found a huge runed gate.
 82338 | Depths:5 | Found a huge runed gate.
 82339 | Depths:5 | Found a huge runed gate.
 82340 | Depths:5 | Found a huge runed gate.
 82399 | Depths:5 | Found a huge runed gate.
 82400 | Depths:5 | Found a huge runed gate.
 82400 | Depths:5 | Found a huge runed gate.
 82400 | Depths:5 | Found a huge runed gate.
 82400 | Depths:5 | Found a huge runed gate.
 82400 | Depths:5 | Found a huge runed gate.
 82400 | Depths:5 | Found a huge runed gate.
 82404 | Depths:5 | Found a huge runed gate.
 82533 | Depths:5 | Found a portal to a secret trove of treasure.
 82606 | Depths:5 | Found a huge runed gate.
 82606 | Depths:5 | Found a huge runed gate.
 82607 | Depths:5 | Found a huge runed gate.
 82608 | Depths:5 | Found a huge runed gate.
 82608 | Depths:5 | Found a huge runed gate.
 82611 | Depths:5 | Found a huge runed gate.
 82616 | Depths:5 | Found a huge runed gate.
 82617 | Depths:5 | Found a huge runed gate.
 82621 | Depths:5 | Found a huge runed gate.
 82622 | Depths:5 | Found a huge runed gate.
 82623 | Depths:5 | Found a huge runed gate.
 82623 | Depths:5 | Found a huge runed gate.
 82625 | Depths:5 | Found a huge runed gate.
 82642 | Depths:5 | Found a huge runed gate.
 82642 | Depths:5 | Found a huge runed gate.
 82686 | Depths:5 | Found a huge runed gate.
 82689 | Depths:5 | Noticed an ancient lich
 82689 | Depths:5 | Noticed Keumyggi's ghost (veteran VSFi)
 82689 | Depths:5 | Noticed Ycuanno's ghost (master KoEn)
 82689 | Depths:5 | Noticed Anicvumpo's ghost (adept DsGl)
 82689 | Depths:5 | Noticed a caustic shrike
 82689 | Depths:5 | Noticed Ozizeorol's ghost (veteran GrFi)
 82689 | Depths:5 | Noticed Izusiutekh's ghost (veteran VSFi)
 82689 | Depths:5 | Identified the ring "Vaem" {MR+ MP+9 Str+3}
 82689 | Depths:5 | Noticed Zuugaiju's ghost (adept DDFi)
 82689 | Depths:5 | Noticed an ancient lich
 82747 | Depths:4 | Killed a caustic shrike
 83208 | Depths:4 | Killed Zuugaiju's ghost
 83216 | Depths:4 | Killed Izusiutekh's ghost
 83600 | Depths:4 | Killed Ozizeorol's ghost
 83637 | Depths:4 | Killed an ancient lich
 84122 | Depths:5 | Killed Anicvumpo's ghost
 84298 | Depths:5 | Killed Ycuanno's ghost
 84419 | Depths:5 | Killed Keumyggi's ghost
 87143 | Depths:4 | Killed an ancient lich
 87575 | Elf:3    | Entered Level 3 of the Elven Halls
 87965 | Elf:3    | Found a runed translucent gate.
 87966 | Elf:3    | Found a runed translucent gate.
 87967 | Elf:3    | Found a runed translucent gate.
 88452 | Elf:3    | Identified the +7 scimitar of Brutal Revenge {flame, rF++
                  | MR+ Int+3}
 88452 | Elf:3    | Identified the ring "Wairch" {+Fly MP+9 Str-4 Dex+5}
 88870 | Elf:3    | Reached skill level 17 in Fighting
 88870 | Elf:3    | Reached XP level 25. HP: 173/201 MP: 23/43
 89886 | Elf:3    | Identified the Papyrus of the Twisted Escort
 89915 | Elf:3    | Identified the Volume of Unstable Unholy Rituals
 90107 | Elf:3    | Identified a +1 pair of boots of running (You found it on
                  | level 3 of the Elven Halls)
 90146 | Elf:3    | Got a smoking dagger
 90161 | Elf:3    | Identified the +7 dagger of Sloth {drain, Stlth+} (You
                  | found it on level 3 of the Elven Halls)
 90430 | Elf:3    | Found a runed translucent gate.
 90430 | Elf:3    | Found a runed translucent gate.
 90434 | Elf:3    | Noticed mora's ghost (adept GnNe)
 90436 | Elf:3    | Found a runed translucent gate.
 90502 | Elf:3    | Killed mora's ghost
 90516 | Elf:3    | Identified the +2 cloak of Midsummer {Rampage *Corrode
                  | Int-2 Slay+5} (You found it on level 3 of the Elven Halls)
 90771 | Lair:5   | Killed Drevant2's ghost
 90790 | Lair:5   | Gained mutation: You are dopey. (Int -2) [a neqoxec]
 90794 | Lair:5   | Gained mutation: You are occasionally teleported next to
                  | monsters. [a neqoxec]
 91961 | Slime:1  | Entered Level 1 of the Pits of Slime
 92016 | Slime:1  | Gained mutation: You are frail. (-10% HP) [a shining eye]
 92905 | Slime:2  | Reached skill level 15 in Poison Magic
 92970 | Slime:2  | Lost mutation: You are frail. (-10% HP) [a shining eye]
 93452 | Slime:3  | Gained mutation: You are weak. (Str -2) [a shining eye]
 93453 | Slime:3  | Gained mutation: Armour fits poorly on your strangely
                  | shaped body. [a shining eye]
 95375 | D:15     | Lost mutation: You are weak. (Str -2) [potion of mutation]
 95375 | D:15     | Lost mutation: You are dopey. (Int -2) [potion of mutation]
 95375 | D:15     | Lost mutation: Armour fits poorly on your strangely shaped
                  | body. [potion of mutation]
 95375 | D:15     | Lost mutation: You are occasionally teleported next to
                  | monsters. [potion of mutation]
 95375 | D:15     | Gained mutation: You are partially covered in molten
                  | scales. (AC +2) [potion of mutation]
 95375 | D:15     | Gained mutation: You are covered in fur. (AC +1) [potion of
                  | mutation]
 95703 | Slime:5  | Entered Level 5 of the Pits of Slime
 95831 | Slime:5  | Gained mutation: You are weak. (Str -2) [a shining eye]
 95854 | Slime:5  | Reached skill level 18 in Fighting
 96034 | Slime:5  | Gained mutation: Armour fits poorly on your strangely
                  | shaped body. [a shining eye]
 96035 | Slime:5  | Gained mutation: You are frail. (-10% HP) [a shining eye]
 96055 | Slime:5  | Reached XP level 26. HP: 189/189 MP: 32/44
 96079 | Slime:5  | Noticed the Royal Jelly
 96097 | Slime:4  | HP: 6/189 [acid blob[the Royal Jelly] (14)]
 96097 | Slime:4  | HP: 2/189 [acid[the Royal Jelly] (4)]
 96098 | Slime:4  | Splashed by an acid blob's acid

Illustrated notes

Levels and vault maps discovered:
D:1:      lemuel_arrival_muddy, layout_basic, minivault_19
D:2:      layout_loops_ring, nicolae_gozag_cash_rules_everything_around_me
D:3:      layout_basic, minmay_cut_off, uniq_ijyb, uniq_jessica
D:4:      layout_loops_ring, minmay_temple_entry_purple_smoke, serial_shops,
          nicolae_shop_crystal, uniq_duvessa
D:5:      layout_basic, fiery_altar_vehumet, uniq_blork_the_orc
D:6:      layout_loops_ring, nicolae_ossuary_entry_monument
D:7:      layout_basic, serial_shops, shop_fountains, basic_altar
D:8:      minmay_opposing_rooms, layout_layer_cave
D:9:      layout_loops_ring, david_lair_generic, orc_david_3,
          lemuel_flamethrower_2
D:10:     cheibrodos_barr_body, layout_loops_corners, nicolae_sextant,
          minmay_gold_behind_fungi
D:11:     gammafunk_cloud_chamber, layout_cave_pods, jmf_multi_god_temple2
D:12:     layout_basic, uniq_sonja
D:13:     layout_rooms, david_vaults_2, uniq_kirke
D:14:     layout_long_grid, serial_bayou_pond_a, serial_shops, shop,
          small_chamber_with_monster, grunt_ministairs_14
D:15:     hangedman_depths_entry_civil_slaughter, layout_basic,
          evilmike_ruin_ashenzari, nrook_pool_corridor, evilmike_minifort
Temple:   regret_index_temple_sigil_plot
Lair:1:   layout_misc_corridors, uniq_gastronok, uniq_fannar
Lair:2:   layout_small_grid, palyth_hydra_swamp_entry,
          infiniplex_staircase_pool_2, minmay_lair_oklob_chamber
Lair:3:   layout_cave_shapes, guppyfry_snake_entry_island, nzn_random_ring
Lair:4:   layout_misc_corridors, infiniplex_staircase_pool, grunt_megastairs_4,
          uniq_rupert
Lair:5:   layout_cellular_growth, slime_altar_1, gammafunk_ghost_abyssal_escape,
          basic_altar, lemuel_fruit_tree, lemuel_fruit_fields,
          grunt_megastairs_1
Lair:6:   due_jungle_book, layout_misc_corridors, gauntlet_entry_generic,
          chequers_serial_rivers_micro_d, serial_bayou_shore_a
Swamp:1:  layout_falls_marsh, ebering_ghost_reflecting_pool,
          evilmike_swamp_ruin_house_2, swamp_pool1, st_swamp_ruins_3
Swamp:2:  layout_basic_swamp, serial_swamp_ruin, evilmike_swamp_ruin_house_5,
          evilmike_swamp_ruin_house_4, evilmike_swamp_ruin_rubble_2
Swamp:3:  layout_basic_swamp, evilmike_swamp_ruin_rubble_1
Swamp:4:  swamp_basic_johnstein, layout_basic_swamp, uniq_bai_suzhen,
          uniq_louise
Snake:1:  layout_gridlike, minmay_shop_star, serial_bayou_shore_b
Snake:2:  layout_onion, serial_shops, shop, grunt_megastairs_2,
          serial_bayou_shore_b
Snake:3:  layout_layer_cave, portal_ice_cave_entry_pillars_1
Snake:4:  snake_pit, layout_cave_town, minmay_shop_grove, uniq_aizul
Slime:1:  layout_caves
Slime:2:  layout_caves
Slime:3:  layout_caves
Slime:4:  layout_caves
Slime:5
Orc:1:    gammafunk_beogh_shrine, layout_diamond_mine,
          lightli_volcano_entry_magma_tube, mines1_david, uniq_erica, uniq_urug
Orc:2:    st_orc_town, layout_caves
Elf:1:    eino_elf_arrival_sip, layout_onion_city, minmay_elf_demonology,
          uniq_roxanne, uniq_jorgrun
Elf:2:    layout_geoelf_grid
Elf:3:    minmay_elf_hall_golems, layout_geoelf_castle,
          ploomutoo_gammafunk_ghost_potion_laboratory
Depths:1: layout_forbidden_donut, grunt_hell_entry_demonic_statue,
          grunt_pan_entry_sceptre, dk_noncrumbling_3, minmay_hidden_floor
Depths:2: hangedman_slaughterboxes, abyss_entry, hell_entry, pan_entry
Depths:3: minmay_the_grid_square_5x5_5x5_mashed
          [minmay_the_grid_square_5x5_eight, minmay_the_grid_square_5x5_seven,
          minmay_the_grid_square_5x5_detours, minmay_the_grid_square_5x5_three,
          minmay_the_grid_square_5x5_gyroscope, minmay_the_grid_square_5x5_z,
          minmay_the_grid_square_5x5_prize_monsterx,
          minmay_the_grid_square_5x5_spiral_small,
          minmay_the_grid_square_5x5_prize_deathbox,
          minmay_the_grid_square_5x5_three_small,
          minmay_the_grid_square_5x5_pentomino_r,
          minmay_the_grid_square_5x5_forky,
          minmay_the_grid_square_5x5_prize_junk,
          minmay_the_grid_square_5x5_eight_small,
          minmay_the_grid_square_5x5_corner,
          minmay_the_grid_square_5x5_sharp_hourglass,
          minmay_the_grid_square_5x5_prize_pseudospiral,
          minmay_the_grid_square_5x5_tie,
          minmay_the_grid_square_5x5_prize_waves,
          minmay_the_grid_square_5x5_two_small,
          minmay_the_grid_square_5x5_minivault,
          minmay_the_grid_square_5x5_inverted_slash,
          minmay_the_grid_square_5x5_shuriken, minmay_the_grid_square_5x5_two,
          minmay_the_grid_square_5x5_misaligned], layout_gridlike,
          enter_ziggurat_f, nrook_mini_backslash, hell_entry, pan_entry,
          fountainhead, ebering_dispersal_statue_hall, uniq_enchantress
Depths:4: cell_vault, layout_long_grid, hell_entry,
          abyss_entry_small_statue_room, minmay_staircase_statues,
          minmay_shoptagon
Depths:5: grunt_zot_entry_gee_three, layout_long_grid,
          gammafunk_ghost_door_vault, rand_demon_pan_entry_8,
          nicolae_trove_entry_crossroad, chequers_serial_rivers_room_b,
          hell_entry

Skill      XL: |  1  2  3  4  5  6  7  8  9 10 11 12 13 14 15 16 17 18 19 20 21 22 23 24 25 |
---------------+----------------------------------------------------------------------------+-----
Transmutations | 2 3 4 5 6 7 8 9 10 11 12 13 14 | 14.4
Spellcasting   | 5 6 7 8 9 10 11 12 13 14 15 16 17 | 17.1
Invocations    | 1 2 3 4 5 6 7 8 9 10 11 12 13 14 15 16 17 | 17.9
Fighting       | 1 2 3 4 5 6 7 8 9 10 11 12 13 14 15 17 18 | 18.0
Short Blades   | 1 2 3 4 5 6 7 8 9 10 11 12 13 14 15 16 | 16.6
Long Blades    | 1 2 3 4 5 6 7 8 9 10 11 12 13 14 15 16 | 16.6
Axes           | 1 2 3 4 5 6 7 8 9 10 11 12 13 14 15 16 | 16.6
Maces & Flails | 1 2 3 4 5 6 7 8 9 10 11 12 13 14 15 16 | 16.6
Polearms       | 1 2 3 4 5 6 7 8 9 10 11 12 13 14 15 16 | 16.6
Staves         | 1 2 3 4 5 6 7 8 9 10 11 12 13 14 15 16 | 16.6
Slings         | 1 2 3 4 5 6 7 8 9 10 11 12 13 14 15 16 | 16.6
Bows           | 1 2 3 4 5 6 7 8 9 10 11 12 13 14 15 16 | 16.6
Crossbows      | 1 2 3 4 5 6 7 8 9 10 11 12 13 14 15 16 | 16.6
Throwing       | 1 2 3 4 5 6 7 8 9 10 11 12 13 14 15 16 | 16.6
Armour         | 1 2 3 4 5 6 7 8 9 10 11 12 13 14 15 16 | 16.6
Shields        | 1 2 3 4 5 6 7 8 9 10 11 12 13 14 15 16 | 16.6
Unarmed Combat | 1 2 3 4 5 6 7 8 9 10 11 12 13 14 15 16 | 16.6
Evocations     | 1 2 3 4 5 6 7 8 9 10 11 12 13 14 15 16 | 16.6
Conjurations   | 1 2 3 4 5 6 7 8 9 10 11 12 13 14 | 14.3
Hexes          | 1 2 3 4 5 6 7 8 9 10 11 12 13 14 | 14.3
Summonings     | 1 2 3 4 5 6 7 8 9 10 11 12 13 14 | 14.3
Necromancy     | 1 2 3 4 5 6 7 8 9 10 11 12 13 14 | 14.3
Translocations | 1 2 3 4 5 6 7 8 9 10 11 12 13 14 | 14.5
Fire Magic     | 1 2 3 4 5 6 7 8 9 10 11 12 13 14 | 14.3
Ice Magic      | 1 2 3 4 5 6 7 8 9 10 11 12 13 14 | 14.3
Air Magic      | 1 2 3 4 5 6 7 8 9 10 11 12 13 14 | 14.3
Earth Magic    | 1 2 3 4 5 6 7 8 9 10 11 12 13 14 | 14.3
Dodging        | 5 6 7 8 9 10 11 12 13 14 15 16 17 | 17.1
Stealth        | 5 6 7 8 9 10 11 12 13 14 15 16 17 | 17.0
Poison Magic   | 6 7 8 9 10 11 12 13 14 15 | 15.1

Action                   |  1- 3 |  4- 6 |  7- 9 | 10-12 | 13-15 | 16-18 | 19-21 | 22-24 | 25-27 || total
-------------------------+-------+-------+-------+-------+-------+-------+-------+-------+-------++-------
Melee: Unarmed           |    37 |    61 |    72 |    59 |       |       |       |       |    75 ||   304
       Bite              |     3 |     5 |     7 |    45 |    83 |   170 |   179 |   223 |    79 ||   794
       Punch             |       |       |     2 |       |       |       |       |       |       ||     2
       Mace              |       |       |       |   293 |   244 |    62 |       |       |       ||   599
       Hand axe          |       |       |       |       |   387 |  1193 |  1256 |  1474 |   424 ||  4734
       Short sword       |       |       |       |       |       |       |     5 |       |       ||     5
 Cast: Sting             |    57 |    38 |    46 |    41 |    31 |     1 |     5 |       |     1 ||   220
       Poisonous Vapours |       |    39 |    43 |    91 |   108 |    49 |    73 |    70 |    13 ||   486
       Ignite Poison     |       |       |    24 |    70 |    89 |   106 |   119 |   119 |    37 ||   564
       Olgreb's Toxic Ra |       |       |    12 |    20 |    38 |    49 |    37 |    37 |     5 ||   198
       Mephitic Cloud    |       |       |     9 |    18 |    33 |    12 |    12 |    29 |     2 ||   115
       Frozen Ramparts   |       |       |       |       |    20 |    19 |    61 |    76 |    10 ||   186
       Bolt of Magma     |       |       |       |       |    18 |   112 |    66 |    19 |    15 ||   230
       Blink             |       |       |       |       |     1 |     2 |       |       |       ||     3
       Petrify           |       |       |       |       |     7 |     7 |     3 |       |     3 ||    20
       Lee's Rapid Decon |       |       |       |       |     5 |       |     3 |     5 |    24 ||    37
       Airstrike         |       |       |       |       |       |   119 |    88 |    87 |    57 ||   351
       Freezing Cloud    |       |       |       |       |       |       |       |     7 |    10 ||    17
Invok: Potion Petition   |       |     1 |       |       |       |       |       |       |       ||     1
       Disaster Area     |       |       |       |       |       |     2 |       |       |       ||     2
       Elemental Force   |       |       |       |       |       |     1 |       |       |       ||     1
Evoke: Wand              |       |       |       |       |       |     3 |       |     3 |     5 ||    11
       Lightning rod     |       |       |       |       |       |     2 |       |     1 |       ||     3
       Phantom mirror    |       |       |       |       |       |       |       |       |     1 ||     1
  Use: Scroll            |       |     4 |     8 |     7 |    16 |    20 |    11 |     6 |     1 ||    73
       Potion            |       |       |       |       |     1 |     1 |     1 |     1 |     1 ||     5
 Stab: Confused          |       |       |       |     2 |     3 |       |       |     2 |       ||     7
       Distracted        |       |       |       |       |     1 |       |     1 |     1 |       ||     3
       Petrified         |       |       |       |       |     9 |    22 |     4 |       |     2 ||    37
       Petrifying        |       |       |       |       |       |     1 |       |       |       ||     1
Armor: Robe              |     8 |    18 |    23 |    35 |       |       |       |       |       ||    84
       Ring mail         |       |       |       |    56 |   189 |   265 |   226 |   278 |    85 ||  1099
Dodge: Dodged            |    58 |    48 |    95 |   205 |   335 |   577 |   441 |   459 |   174 ||  2392
       Repelled          |       |       |       |     1 |     2 |    16 |    26 |    23 |    12 ||    80
Block: Buckler           |       |       |    14 |   194 |   473 |   554 |       |       |       ||  1235
       Kite shield       |       |       |       |       |       |   546 |  1253 |  1236 |   424 ||  3459

Table legend: (Time is in decaauts)
 A = Elapsed time spent in this place.
 B = Non-inter-level travel time spent in this place.
 C = Inter-level travel time spent in this place.
 D = Time resting spent in this place.
 E = Time spent auto-exploring this place.
 F = Levels seen in this place.
 G = Mean time per level.
                   A        B        C        D        E       F      G
               +--------+--------+--------+--------+--------+-----+--------+
         Total |  95091 |  83690 |  11401 |  34724 |  28114 |  48 | 1981.1 |
       Dungeon |  27857 |  21675 |   6182 |   4875 |  12652 |  15 | 1857.1 |
        Temple |     59 |     33 |     26 |      0 |     26 |   1 |   59.0 |
          Lair |  11388 |   9385 |   2003 |   2656 |   4717 |   6 | 1898.0 |
         Swamp |  14913 |  14625 |    288 |  10013 |   2322 |   4 | 3728.2 |
     Snake Pit |   7804 |   7424 |    380 |   3260 |   2028 |   4 | 1951.0 |
    Slime Pits |   3432 |   3334 |     98 |   1355 |   1393 |   5 |  686.4 |
  Orcish Mines |   2599 |   2325 |    274 |    302 |   1192 |   2 | 1299.5 |
   Elven Halls |   6988 |   6556 |    432 |   2390 |   1740 |   3 | 2329.3 |
        Depths |  18543 |  16829 |   1714 |   9391 |   1848 |   5 | 3708.6 |
       Ossuary |     51 |     51 |      0 |     21 |      0 |   1 |   51.0 |
      Ice Cave |    576 |    576 |      0 |    148 |      0 |   1 |  576.0 |
      Gauntlet |    877 |    877 |      0 |    313 |    195 |   1 |  877.0 |
               +--------+--------+--------+--------+--------+-----+--------+

Top non-repeatable levels by time:
 Swamp:4: 10053 daAuts
Depths:2: 4993 daAuts
Depths:4: 4179 daAuts
Depths:3: 3862 daAuts
    D:11: 3653 daAuts
    D:15: 3613 daAuts
  Lair:2: 3383 daAuts
Depths:5: 3293 daAuts
    D:10: 3260 daAuts
   Elf:3: 2872 daAuts
     D:9: 2534 daAuts
 Snake:4: 2279 daAuts
 Swamp:1: 2217 daAuts
Depths:1: 2214 daAuts
   Elf:2: 2186 daAuts
